Map: Ascension to Aiur LE

Players

Whiskydog

  • Race: Terran Terran
  • League: Silver
  • Spawn Location: 5:00

TheZach - Winner!

  • Race: Terran Terran
  • League: Silver
  • Spawn Location: 11:00

VOD

Have the link to the VOD?

Description

Time

  • Played on: June 21, 2017, 1:49 a.m.
  • Length: 5:28
Show
View Real Time Build Order
Export as new Build Order

Whiskydog Terran 

Build Orders:  

Get SALT Encoding   

  12  0:01  SCV  
  13  0:13  SCV  
  14  0:18  Supply Depot  
  14  0:25  SCV  
  15  0:39  SCV  
  15  0:41  Barracks  
  16  0:51  SCV, Refinery  
  17  1:03  SCV  
  18  1:12  Supply Depot  
  18  1:16  SCV  
  19  1:28  Orbital Command  
  19  1:40  Barracks Reactor  
  19  1:54  Command Center  
  19  1:57  SCV  
  20  2:07  Barracks  
  20  2:16  Marine x2  
  20  2:20  Supply Depot  
  22  2:28  SCV  
  23  2:34  Marine x2  
  25  2:37  Supply Depot  
  25  2:40  SCV  
  26  2:50  Refinery  
  26  2:52  SCV  
  26  2:54  Factory  
  26  2:56  Barracks Tech Lab  
  27  2:59  Marine x2  
  29  3:07  SCV  
  29  3:11  Orbital Command  
  30  3:19  SCV  
  31  3:21  Stimpack  
  31  3:23  Marine  
  32  3:44  SCV x2  
  34  3:52  Marine  
  34  3:53  Marine x2  
  34  3:55  Factory Reactor  
  37  4:02  Starport  
  37  4:12  Barracks  
  37  4:14  Supply Depot  
  37  4:17  Engineering Bay  
  37  4:26  SCV x2  
  39  4:32  Refinery  
  36  4:38  SCV x2  
  29  4:56  Marine x3  
  31  5:12  Barracks Reactor  
  31  5:13  Command Center  
  31  5:21  Factory Tech Lab  
Show
View Real Time Build Order
Export as new Build Order

TheZach Terran - Winner!

Build Orders:  

Get SALT Encoding   

  12  0:01  SCV  
  13  0:13  SCV  
  14  0:25  SCV  
  15  0:35  Supply Depot  
  15  0:49  Supply Depot  
  15  0:55  Refinery  
  15  1:04  Barracks  
  15  1:12  Supply Depot  
  15  1:33  Barracks  
  15  1:53  Barracks Reactor  
  15  1:54  Barracks  
  15  2:23  Supply Depot  
  15  2:25  Barracks Reactor  
  15  2:35  Marine x2  
  17  2:41  Barracks Reactor  
  17  2:44  Supply Depot  
  17  2:46  Supply Depot  
  17  2:49  SCV  
  18  2:53  Marine x2  
  20  3:01  SCV  
  20  3:05  Marine x2  
  21  3:10  Marine  
  24  3:13  SCV  
  24  3:15  Marine  
  26  3:23  Marine  
  26  3:25  SCV  
  27  3:35  Marine x5  
  27  3:41  Marine  
  33  3:52  Marine  
  33  3:55  Marine x3  
  35  3:56  Marine  
  35  3:59  Marine  
  39  4:10  Marine  
  39  4:13  Marine x4  
  39  4:16  Marine  
Tags
 
Matchup
TvT
Race
Terran
Replay Pack
SIII
Spawn Locations
Cross Positions
Add a new tag
Caveats
  • Supply blocks, unpowered buildings, or Contaminate may cause inaccurate times.
  • Supply counts are checked every 10 seconds.